 Dungeon Crawl Stone Soup version 0.26.1-11-gd32895ea62 (webtiles) character file.

Game seed: 2963235472985558718

182 nomophobia the Covered (level 5, -2/41 HPs)
             Began as a Demonspawn Abyssal Knight on May 20, 2021.
             Was a Priest of Lugonu.
             Killed by nerve-wracking pain
             ... invoked by an orc priest
              (9 damage)
             ... on level 3 of the Dungeon.
             The game lasted 00:20:16 (2531 turns).

nomophobia the Covered (Demonspawn Abyssal Knight)  Turns: 2531, Time: 00:20:18

Health: -2/41      AC:  6    Str: 14    XL:     5   Next: 35%
Magic:  6/6        EV: 11    Int: 13    God:    Lugonu [***...]
Gold:   120        SH:  0    Dex: 12    Spells: 4/4 levels left

rFire    . . .     SeeInvis .   a - +1 hand axe
rCold    . . .     Faith    .   (no shield)
rNeg     . . .     Spirit   .   m - +3 leather armour
rPois    .         Reflect  .   (no helmet)
rElec    .         Harm     .   (no cloak)
rCorr    .         Rampage  .   (no gloves)
Will     .....                  (no boots)
Stlth    +.........             (no amulet)
HPRegen  0.13/turn              (no ring)
MPRegen  0.10/turn              (no ring)

@: no status effects
A: claws 2, powered by pain 1, spiny 1
a: Renounce Religion, Depart the Abyss, Bend Space, Banish


You were on level 3 of the Dungeon.
You worshipped Lugonu.
Lugonu was most pleased with you.
You visited 1 branch of the dungeon, and saw 3 of its levels.
You visited the Abyss 1 time.

You collected 120 gold pieces.

Inventory:

Hand Weapons
 a - a +1 hand axe (weapon)
Armour
 m - a +3 leather armour (worn)
Scrolls
 c - a scroll of enchant weapon {unknown}
 g - 2 scrolls of identify
Potions
 d - a potion of resistance
 e - a potion of berserk rage {unknown}
 f - a potion of flight {unknown}
 h - a potion of brilliance {unknown}
 j - a potion of curing {unknown}
 k - a potion of mutation {unknown}
 l - a potion of haste {unknown}


   Skills:
 + Level 3.1 Fighting
 - Level 3.5 Axes
 * Level 3.7 Armour
 - Level 0.8 Dodging
 * Level 0.9 Unarmed Combat
 - Level 2.4 Invocations


You had 4 spell levels left.
You didn't know any spells.
Your spell library was empty.

Dungeon Overview and Level Annotations

Branches:
Dungeon (3/15)

Altars:
Okawaru
Uskayaw


Innate Abilities, Weirdness & Mutations

You have very sharp fingernails.
You sometimes gain a little power by taking damage.
You are partially covered in sharp spines.


Message History

You hit the orc priest but do no damage.
The orc priest is moderately wounded.
The orc priest hits you.
An orc comes into view. It is wielding a +0 mace.
You hit the orc priest but do no damage.
The orc priest is moderately wounded.
You hit the orc.
The orc priest calls down the wrath of Beogh upon you.
Beogh smites you!
* * * LOW HITPOINT WARNING * * *
An orc comes into view.
The orc misses you. The orc priest barely misses you.
The orc shouts!
You barely miss the orc priest.
The orc priest is moderately wounded.
You closely miss the orc. The orc hits you with a +0 hand axe.
* * * LOW HITPOINT WARNING * * *
The orc priest invokes the aid of Beogh against you.
Pain shoots through your body!
You die...

#.# #.# #.#
#)# #.#
##### #>#
.....#
#.#+#......
#...)......
#..@oK.....
#..[o...#.o
#.......#
...#.##.....
##..#?.
.....
#..#### .o..
#.. ... #.
...


You could see an orc priest, 3 orcs and a kobold.

Vanquished Creatures
  3 gnolls (D:2)
  6 adders (D:2)
  2 oozes (D:1)
  2 worms (D:2)
  5 dart slugs
  A leopard gecko (D:1)
  2 orcs (D:3)
  5 bats
  5 giant cockroaches
  9 goblins
  7 hobgoblins
  2 jackals (D:1)
  2 quokkas (D:2)
  5 ball pythons (D:2)
  2 frilled lizards
  10 kobolds
  5 rats
73 creatures vanquished.

Vanquished Creatures (others)
  A fungus (D:2)
1 creature vanquished.

Grand Total: 74 creatures vanquished

Notes
Turn   | Place    | Note
-------+----------+-------------------------------------------
     0 | Abyss:1  | nomophobia the Demonspawn Abyssal Knight began the quest
                  | for the Orb.
     0 | Abyss:1  | Reached XP level 1. HP: 18/18 MP: 2/2
    22 | D:1      | Escaped the Abyss
    74 | D:1      | Gained mutation: You have sharp fingernails. [demonic
                  | ancestry]
    74 | D:1      | Reached XP level 2. HP: 7/24 MP: 3/3
   630 | D:1      | Reached ** piety under Lugonu
   849 | D:1      | Gained mutation: You are partially covered in sharp spines.
                  | [demonic ancestry]
   849 | D:1      | Reached XP level 3. HP: 24/29 MP: 4/4
  1773 | D:2      | Gained mutation: You have very sharp fingernails. [demonic
                  | ancestry]
  1773 | D:2      | Reached XP level 4. HP: 26/35 MP: 5/5
  1797 | D:2      | Found a hide-covered altar of Uskayaw.
  2129 | D:2      | Found an iron altar of Okawaru.
  2240 | D:2      | Gained mutation: You sometimes gain a little power by
                  | taking damage. [demonic ancestry]
  2240 | D:2      | Reached XP level 5. HP: 41/41 MP: 6/6
  2247 | D:2      | Reached *** piety under Lugonu
  2531 | D:3      | Killed from afar by an orc priest

Illustrated notes

Levels and vault maps discovered:
D:1:      lightli_arrival_lavapool, layout_basic
D:2:      layout_loops_ring, nicolae_overflow_crystal_walls,
          okawaru_ov_weapons_minmay, minmay_shallow_snake_nest
D:3:      layout_basic, chequers_ecumenical_altar_simple

Skill      XL: |  1  2  3 |
---------------+----------+-----
Axes           | 2 3 |  3.5
Armour         | 2 3 |  3.7
Fighting       | |  3.1
Dodging        | |  0.8
Unarmed Combat | |  0.9
Invocations    | |  2.4

Action                   |  1- 3 |  4- 6 || total
-------------------------+-------+-------++-------
Melee: Hand axe          |    95 |    81 ||   176
Invok: Bend Space        |       |     1 ||     1
  Use: Scroll            |     3 |     3 ||     6
Armor: Leather armour    |    19 |    19 ||    38
Dodge: Dodged            |    42 |    42 ||    84
